 Dungeon Crawl Stone Soup version 0.27-a0-1532-gca18f49f40 (webtiles) character file.

Game seed: 14319553288728453854

9 Spaninq the Sneak (level 2, -1/27 HPs)
             Began as a Hill Orc Delver on July 12, 2021.
             Was an Initiate of Beogh.
             Slain by an adder (2 damage)
             ... on level 5 of the Dungeon.
             The game lasted 00:01:35 (383 turns).

Spaninq the Sneak (Hill Orc Delver)                  Turns: 383, Time: 00:01:35

Health: -1/27      AC:  3    Str: 14    XL:     2   Next: 12%
Magic:  2/2        EV: 11    Int: 10    God:    Beogh [......]
Gold:   0          SH:  0    Dex: 12    Spells: 1/1 levels left

rFire    . . .     SeeInvis .   a - +0 hand axe
rCold    . . .     Faith    .   (no shield)
rNeg     . . .     Spirit   .   b - +0 leather armour
rPois    .         Reflect  .   (no helmet)
rElec    .         Harm     .   (no cloak)
rCorr    .         Rampage  .   (no gloves)
Will     .....                  (no boots)
Stlth    ++........             (no amulet)
HPRegen  0.09/turn              (no ring)
MPRegen  0.08/turn              (no ring)

@: lethally poisoned (-1 -> -5)
A: no striking features
a: Renounce Religion


You were on level 5 of the Dungeon.
You worshipped Beogh.
Beogh was noncommittal.
You visited 1 branch of the dungeon, and saw 1 of its levels.

Inventory:

Hand Weapons
 a - a +0 hand axe (weapon)
Armour
 b - a +0 leather armour (worn)
Wands
 g - a wand of digging (3)
Scrolls
 c - a scroll of fog
 d - a scroll of magic mapping
 e - a scroll of fear


   Skills:
 + Level 3.8 Fighting
 + Level 3.0 Axes
 + Level 1.7 Dodging
 + Level 4.2 Stealth


You had one spell level left.
You didn't know any spells.
Your spell library was empty.

Dungeon Overview and Level Annotations

Branches:
Dungeon (5/15)
 Temple: D:4-7

Altars:


Message History

The adder bites the orc.
The orc dies!
The adder bites you. The adder misses you.
Found 10 gold pieces.
You hit the adder.
The adder is moderately wounded.
The adder bites you.
You are poisoned.
The adder poisons you!
You hit the adder but do no damage.
The adder is moderately wounded.
You hit the orc but do no damage.
You feel sick. The adder closely misses you.
The orc hits you with a +0 hand axe.
The orc closely misses the orc wizard.
The adder bites you.
You feel sick.
The orc wizard barely misses the orc.
The orc barely misses the orc wizard.
You feel sick.
You are no longer poisoned.
The adder closely misses you.
The orc wizard hits the orc with a +0 dagger.
The orc hits the orc wizard but does no damage.
The adder bites you.
* * * LOW HITPOINT WARNING * * *
You feel yourself speed up. The adder closely misses you.
The orc wizard hits the orc with a +0 dagger.
The orc hits the orc wizard but does no damage.
The orc barely misses you. The adder bites you.
* * * LOW HITPOINT WARNING * * *
You are lethally poisoned!
The adder poisons you! The adder bites you but does no damage.
It was a potion of cancellation.
Your magical effects are unravelling.
You feel magically purged.
You feel yourself slow down.
* * * LOW HITPOINT WARNING * * *
You feel sick.
The orc wizard hits the orc with a +0 dagger.
The orc dies!
The orc barely misses you. The adder bites you.
You die...

###.#### ####.###
### #......#######
...#.##...o......
####(#. #...##.....
....... #...# .o...
$).....###..#......
........o....<.....
...)o..sS@...o.....
#####...S..........
###.#..##.#####
#.#.## .# #.#.# o#
#...) . ###.# # #)#
#..


You could see a scorpion, 2 adders, an orc, a neutral orc priest (wandering), a
neutral orc wizard and 2 neutral orcs.

Vanquished Creatures
  An adder (D:5)
1 creature vanquished.

Vanquished Creatures (others)
  2 orcs (D:5)
2 creatures vanquished.

Grand Total: 3 creatures vanquished

Notes
Turn   | Place    | Note
-------+----------+-------------------------------------------
     0 | D:5      | Spaninq the Hill Orc Delver began the quest for the Orb.
     0 | D:5      | Reached XP level 1. HP: 19/19 MP: 1/1
    30 | D:5      | Reached XP level 2. HP: 5/27 MP: 2/2
    33 | D:5      | HP: 1/27 [poisoned by an adder]
   371 | D:5      | Became a worshipper of Beogh the Brigand
   374 | D:5      | Noticed a scorpion
   383 | D:5      | HP: 1/27 [poisoned by an adder]
   383 | D:5      | Slain by an adder

Illustrated notes

Levels and vault maps discovered:
D:5:      layout_loops_cross, tgw_xom, minmay_temple_entry_grid

Skill      XL: |  1 |
---------------+----+-----
Axes           | 3 |  3.0
Fighting       | |  3.8
Dodging        | |  1.7
Stealth        | |  4.2

Action                   || total
-------------------------++-------
Melee: Hand axe          ||    10
Invok: Convert to Beogh  ||     1
  Use: Potion            ||     2
Armor: Leather armour    ||     3
Dodge: Dodged            ||    10

Table legend: (Time is in decaauts)
 A = Elapsed time spent in this place.
 B = Non-inter-level travel time spent in this place.
 C = Inter-level travel time spent in this place.
 D = Time resting spent in this place.
 E = Time spent auto-exploring this place.
 F = Levels seen in this place.
 G = Mean time per level.
                   A        B        C        D        E       F      G
               +--------+--------+--------+--------+--------+-----+--------+
         Total |    384 |    384 |      0 |    279 |     25 |   1 |  384.0 |
       Dungeon |    384 |    384 |      0 |    279 |     25 |   1 |  384.0 |
               +--------+--------+--------+--------+--------+-----+--------+

Top non-repeatable levels by time:
     D:5: 384 daAuts
